 Dungeon Sprint DCSS version 0.31-a0-460-g9e667d4245 (webtiles) character file.

Game seed: 17947845798516095194

1164 rocky1 the Martial Artist (level 8, -3/52 HPs)
             Began as an Octopode Shapeshifter on Aug 5, 2023.
             Was an Initiate of Gozag.
             Killed from afar by a catoblepas (4 damage)
             ... with a blast of calcifying dust
             ... while petrified by a catoblepas
             ... in the Dungeon (Sprint IX: "|||||||||||||||||||||||||||||").
             The game lasted 00:02:18 (860 turns).

rocky1 the Martial Artist (Octopode Shapeshifter)    Turns: 860, Time: 00:02:19

Health: -3/52      AC:  1    Str: 14    XL:     8   Next: 40%
Magic:  8/8        EV:  2    Int: 11    God:    Gozag
Gold:   711        SH:  0    Dex: 20    Spells: 7/7 levels left

rFire   . .          .
                       - Unarmed
rCold   . . .        (no shield)
rNeg    + + +        (helmet currently unavailable)
rPois   ∞            (no amulet)
rElec   .            l - +3 ring of dexterity
rCorr   .            k - +3 ring of dexterity
SInv    .            (no ring)
Will    .....        (no ring)
Stlth   ++++         (no ring)
HPRegen 0.28/turn    (no ring)
MPRegen 0.11/turn    (no ring)
                     (no ring)

%: no teleportation
@: beast-form, petrified
A: beast (slay +5), almost no armour, amphibious, 8 rings, camouflage 1,
gelatinous body 1, (nimble swimmer 1), tentacles
a: Begin Untransformation, Renounce Religion, Potion Petition, Call Merchant,
Bribe Branch


You were in the Dungeon.
You worshipped Gozag.
Gozag was pleased with you.
You were a hulking beast.
You visited 1 branch You collected 711 gold pieces.

Inventory:

Jewellery
 k - a +3 ring of dexterity (right tentacle)
 l - a +3 ring of dexterity (left tentacle)
Talismans
 b - a beast talisman (active)
Scrolls
 h - a scroll of blinking
 i - 2 scrolls of amnesia
Potions
 a - a potion of invisibility
 c - 5 potions of curing
 d - a potion of heal wounds
 e - a potion of haste
 f - 4 potions of magic
 g - a potion of berserk rage


   Skills:
 + Level 3.4 Fighting
 + Level 5.0 Dodging
 + Level 4.4 Stealth
 * Level 14.0 Unarmed Combat
 + Level 3.3 Evocations
 + Level 8.1 Shapeshifting


You had 7 spell levels left.
You didn't know any spells.
Your spell library was empty.

Dungeon Overview and Level Annotations

Branches:
Dungeon (1/1)

Altars:
Cheibriados
Dithmenos
Elyvilon
Fedhas
Gozag
Hepliaklqana
Kikubaaqudgha
Makhleb
Nemelex Xobeh
Okawaru
Qazlal
Ru
Sif Muna
Trog
Uskayaw
Vehumet
Wu Jian
Xom
Yredelemnul
Zin
The Shining One
Jiyva
Lugonu


Innate Abilities, Weirdness & Mutations

You are a hulking beast.
Your limbs bulge with bestial killing power. (Slay +5)
You are immune to poison.
You cannot wear most types of armour.
You are amphibious.
You can wear up to eight rings at the same time.
Your skin changes colour to match your surroundings (Stealth+).
Your rubbery body absorbs attacks. (AC +1, EV +1)
((You are camouflaged when in or above water. (Stealth+)))
You have tentacles for arms and can constrict up to eight enemies at once.


Message History

The deep elf pyromancer barely misses you.
There is an open door, spattered with blood here.
You bludgeon the deep elf pyromancer! You grab the deep elf pyromancer.
You squeeze the deep elf pyromancer.
The deep elf pyromancer is severely wounded.
You are engulfed in calcifying dust.
You are slowing down.
You constrict the deep elf pyromancer.
The deep elf pyromancer is engulfed in calcifying dust.
The deep elf pyromancer stops moving altogether!
The helpless deep elf pyromancer fails to defend itself.
You thrash the deep elf pyromancer!!!
You kill the deep elf pyromancer!
You are engulfed in calcifying dust.
Your limbs have turned to stone.
You have turned to stone.
Your Dodging skill increases to level 5!
Your Stealth skill increases to level 4!
Your Unarmed Combat skill increases to level 14!
You are engulfed in calcifying dust.
The catoblepas breathes a plume of calcifying dust at you.
The blast of calcifying dust hits you.
You are engulfed in calcifying dust.
The catoblepas gores you but does no damage.
The centaur warrior is distracted by your dazzling golden aura.
The catoblepas gores you!
The catoblepas breathes a plume of calcifying dust at you.
The blast of calcifying dust hits you!
You are engulfed in calcifying dust.
The catoblepas breathes a plume of calcifying dust at you.
The blast of calcifying dust hits you.
* * * LOW HITPOINT WARNING * * *
You are engulfed in calcifying dust.
The centaur warrior is no longer distracted by gold.
The catoblepas gores you!!
* * * LOW HITPOINT WARNING * * *
You are engulfed in calcifying dust.
The catoblepas breathes a plume of calcifying dust at you.
The blast of calcifying dust hits you!
You die...
Your body crumbles into a pile of gold. ▓▓▓▓▓▓▓▓▓▓▓▓▓▓▓▓▓▓▓▓▓▓▓▓ +..TcWYh§.§...)))[)[.).. ▓▓▓▓▓▓▓▓▓▓▓▓▓▓▓▓▓▓▓▓▓▓▓▓ $ $$$$$ $ $ $ $$$$

You could see a catoblepas, a centaur warrior, a troll and a wraith.

Vanquished Creatures
  A deep elf pyromancer (D)
  An unseen horror (D)
  A troll (D)
  A yak (D)
  2 centaurs (D)
  A scorpion (D)
  A wight (D)
  A hound (D)
  A gnoll bouda (D)
  An orc wizard (D)
  A shadow imp (D)
  An ufetubus (D)
  A ball python (D)
  A bat (D)
  3 rats (D)
18 creatures vanquished.

Notes
Turn   | Place    | Note
-------+----------+-------------------------------------------
     0 | D        | rocky1 the Octopode Shapeshifter began the quest for the
                  | Orb.
     0 | D        | Reached XP level 1. HP: 13/13 MP: 1/1
    11 | D        | Reached skill level 4 in Unarmed Combat
   126 | D        | Noticed a scorpion
   126 | D        | Noticed a hound
   126 | D        | Noticed a gnoll bouda
   137 | D        | Killed a gnoll bouda
   138 | D        | Reached skill level 5 in Unarmed Combat
   138 | D        | Reached XP level 2. HP: 8/18 MP: 2/2
   138 | D        | Reached XP level 3. HP: 11/23 MP: 3/3
   144 | D        | Reached skill level 6 in Unarmed Combat
   153 | D        | Reached skill level 7 in Unarmed Combat
   153 | D        | Reached XP level 4. HP: 28/28 MP: 4/4
   158 | D        | Killed a scorpion
   159 | D        | Reached skill level 8 in Unarmed Combat
   159 | D        | Reached skill level 5 in Shapeshifting
   159 | D        | Reached XP level 5. HP: 34/34 MP: 5/5
   455 | D        | Found a snail-covered altar of Cheibriados.
   455 | D        | Found a shadowy altar of Dithmenos.
   455 | D        | Found a white marble altar of Elyvilon.
   455 | D        | Found a blossoming altar of Fedhas.
   455 | D        | Found an opulent altar of Gozag.
   456 | D        | Found a hazy altar of Hepliaklqana.
   457 | D        | Found a viscous altar of Jiyva.
   458 | D        | Found an ancient bone altar of Kikubaaqudgha.
   459 | D        | Found a corrupted altar of Lugonu.
   460 | D        | Found a burning altar of Makhleb.
   461 | D        | Found a sparkling altar of Nemelex Xobeh.
   462 | D        | Found an iron altar of Okawaru.
   463 | D        | Found a stormy altar of Qazlal.
   465 | D        | Became a worshipper of Gozag Ym Sagoz the Greedy
   467 | D        | Found a sacrificial altar of Ru.
   468 | D        | Found a shimmering blue altar of Sif Muna.
   469 | D        | Found a bloodstained altar of Trog.
   470 | D        | Found a hide-covered altar of Uskayaw.
   471 | D        | Found a radiant altar of Vehumet.
   472 | D        | Found an ornate altar of the Wu Jian Council.
   473 | D        | Found a shimmering altar of Xom.
   474 | D        | Found a basalt altar of Yredelemnul.
   475 | D        | Found a glowing silver altar of Zin.
   476 | D        | Found a glowing golden altar of the Shining One.
   504 | D        | Noticed a centaur
   504 | D        | Noticed a centaur
   504 | D        | Noticed a troll
   504 | D        | Noticed a yak
   510 | D        | Killed a yak
   511 | D        | Reached skill level 1 in Stealth
   511 | D        | Reached skill level 10 in Unarmed Combat
   511 | D        | Reached XP level 6. HP: 39/39 MP: 6/6
   514 | D        | Reached skill level 1 in Evocations
   516 | D        | Killed a troll
   517 | D        | Reached skill level 11 in Unarmed Combat
   517 | D        | Reached XP level 7. HP: 35/45 MP: 7/7
   524 | D        | Reached skill level 12 in Unarmed Combat
   526 | D        | HP: 2/43 [wight/+0 trident (2)]
   832 | D        | Noticed a centaur warrior
   832 | D        | Noticed a troll
   832 | D        | Noticed a catoblepas
   832 | D        | Noticed a wraith
   832 | D        | Noticed a deep elf pyromancer
   846 | D        | Killed an unseen horror
   847 | D        | Reached skill level 13 in Unarmed Combat
   847 | D        | Reached XP level 8. HP: 31/52 MP: 8/8
   853 | D        | Killed a deep elf pyromancer
   854 | D        | Reached skill level 5 in Dodging
   854 | D        | Reached skill level 14 in Unarmed Combat
   859 | D        | HP: 1/52 [catoblepas (14)]
   860 | D        | Killed from afar by a catoblepas

Illustrated notes

Levels and vault maps discovered:
D:        linesprint [early_d, line_temple, items_1, d_10, items_2, lair_1,
          lair_end, items_3, orc_1, orc_end, items_4, d_15, swamp_1, shoals_1,
          snake_1, spider_1, d_20, vaults_1, items_5, swamp_end, shoals_end,
          snake_end, spider_end, vaults_end, d_27, items_6, zot_1, zot_end,
          crypt_end, forest_end, elf_end, slime_end, tomb_end, abyss_end,
          pan_hell_end]

Skill      XL: |  1  2  3  4  5  6  7  8 |
---------------+-------------------------+-----
Unarmed Combat | 5 7 8 10 11 13 14 | 14.0
Shapeshifting  | 4 5 6 7 8 |  8.1
Dodging        | 3 4 5 |  5.0
Fighting       | 2 3 |  3.4
Stealth        | 1 2 3 4 |  4.4
Evocations     | 2 3 |  3.3

Action                     |  1- 3 |  4- 6 |  7- 9 || total
---------------------------+-------+-------+-------++-------
  Melee: Unarmed           |    29 |     6 |    14 ||    49
         Constrict         |     1 |       |     2 ||     3
         Tentacles         |       |       |     4 ||     4
  Evoke: Wand              |       |    10 |       ||    10
    Use: Potion            |     2 |       |     1 ||     3
         Scroll            |       |     1 |       ||     1
   Stab: Distracted        |       |       |     1 ||     1
         Petrified         |       |       |     1 ||     1
 Armour: Skin              |    16 |     4 |     1 ||    21
  Dodge: Dodged            |     5 |       |    10 ||    15

Table legend: (Time is in decaauts)
 A = Elapsed time spent in this place.
 B = Non-inter-level travel time spent in this place.
 C = Inter-level travel time spent in this place.
 D = Time resting spent in this place.
 E = Time spent auto-exploring this place.
 F = Levels seen in this place.
 G = Mean time per level.
                   A        B        C        D        E       F      G
               +--------+--------+--------+--------+--------+-----+--------+
         Total |    853 |    853 |      0 |    680 |      0 |   1 |  853.0 |
       Dungeon |    853 |    853 |      0 |    680 |      0 |   1 |  853.0 |
               +--------+--------+--------+--------+--------+-----+--------+

Top non-repeatable levels by time:
       D: 853 daAuts
